 Seeded DCSS version 0.32-a0-999-gfa1cc04b1d (webtiles) character file.

Game seed: 202404246 (custom seed)

509 Orlauf the Chopper (level 6, -2/49 HPs)
             Began as a Demonspawn Gladiator on Apr 24, 2024.
             Incinerated by a bombardier beetle (4 damage)
             ... with a burning spray
             ... on level 4 of the Dungeon.
             The game lasted 00:03:52 (2467 turns).

Orlauf the Chopper (Demonspawn Gladiator)           Turns: 2467, Time: 00:03:53

Health: -2/49      AC: 14    Str: 16    XL:     6   Next: 98%
Magic:  6/6        EV:  7    Int:  9    God:
Gold:   160        SH:  0    Dex: 14    Spells: 5/5 levels left

rFire   . . .        a - +1 war axe
rCold   . . .        (no shield)
rNeg    . . .        q - +0 chain mail
rPois   .            c - +1 helmet
rElec   .            (no cloak)
rCorr   +            b - +0 pair of gloves
SInv    .            k - +0 pair of boots
Will    .....        (no amulet) Stlth
                     f - ring of flight
HPRegen 0.28/turn    p - ring of resist corrosion
MPRegen 0.10/turn

%: no passive effects
@: on fire, flying, glowing
A: icy blue scales 1, foul stench 1, icemail 1, condensation shield
a: no special abilities


You were on level 4 of the Dungeon.
You visited 1 branch of the dungeon, and saw 5 of its levels.

You collected 160 gold pieces.

Inventory:

Hand Weapons
 a - a +1 war axe (weapon)
Missiles
 d - 3 throwing nets (quivered)
 e - a javelin
Armour
 b - a +0 pair of gloves (worn)
 c - a +1 helmet (worn)
 k - a +0 pair of boots (worn)
 q - a +0 chain mail (worn)
Jewellery
 f - a ring of flight (left hand)
 h - a ring of positive energy
 n - a ring of wizardry
 p - a ring of resist corrosion (right hand)
Scrolls
 i - a scroll of identify
 j - a scroll of teleportation {unknown}
Potions
 m - a potion of magic


   Skills:
 + Level 4.6 Fighting
 * Level 6.1 Axes
 - Level 1.7 Throwing
 - Level 2.6 Dodging


You had 5 spell levels left.
You didn't know any spells.
Your spell library contained the following spells:

 Spells                   Type           Power      Damage    Failure   Level
 Slow                     Hex            0%         N/A       99%         1
 Confusing Touch          Hex            0%         N/A       100%        3
 Vampiric Draining        Necr           0%         2d6       100%        3
 Volatile Blastmotes      Fire/Tloc      0%         2d10      100%        3
 Fulminant Prism          Conj/Alch      0%         3d5       100%        4
 Iskenderun's Mystic Bla Conj/Tloc 0%             2d3        (+2d1     100%        4


Dungeon Overview and Level Annotations

Branches:
Dungeon (5/15)
 Temple: D:4-7

Altars:
Ashenzari
Hepliaklqana

Shops:
D:2 :


Innate Abilities, Weirdness & Mutations

You are partially covered in icy blue scales. (AC +2)
You may rarely emit foul miasma when damaged in melee.
A meltable icy envelope protects you from harm. (AC +0)
A meltable shield of frost defends you. (SH +0)


Message History

You hit the bombardier beetle but do no damage.
The bombardier beetle is moderately wounded.
The liquid fire burns you!
The bombardier beetle sprays incendiary fluid at you.
The burning spray hits you.
You are even more covered in liquid fire!
You hit the bombardier beetle.
The bombardier beetle is heavily wounded.
The liquid fire burns you!
You closely miss the bombardier beetle.
The bombardier beetle is heavily wounded.
The liquid fire burns you!
The bombardier beetle sprays incendiary fluid at you.
The burning spray hits you.
You are even more covered in liquid fire!
You hit the bombardier beetle.
The bombardier beetle is heavily wounded.
The liquid fire burns you!
* * * LOW HITPOINT WARNING * * *
The bombardier beetle bites you but does no damage.
You barely miss the bombardier beetle.
The bombardier beetle is heavily wounded.
The liquid fire burns you!
* * * LOW HITPOINT WARNING * * *
The bombardier beetle barely misses you.
You hit the bombardier beetle.
The bombardier beetle is severely wounded.
The liquid fire burns you!
* * * LOW HITPOINT WARNING * * *
You feel better. The liquid fire burns you!
* * * LOW HITPOINT WARNING * * *
The bombardier beetle bites you but does no damage.
You slash the bombardier beetle!
You kill the bombardier beetle!
The liquid fire burns you!
* * * LOW HITPOINT WARNING * * *
You shake off some of the fire as you move.
The liquid fire burns you!
You die...

.# #.# #....# .# #.# #.#.##
#># .# .# #.# #.#.# #.# .#
.# #.# #.#.########.###.####
.# #.###......<..##.........
.. #.##..........##.........
#. #.##..........#...>......
# #.##............#........
#.##......†.....@...........
#................###........
####.............##.........
..................#.........
###..#####..#...#)#.........
†....# ##.....#...####.###
...#.#### ##..#....## .#
##......# #.##.....# .
#......# #.##.....#


There were no monsters in sight!

Vanquished Creatures
  Sigmund (D:2)
  A bullfrog (D:4)
  A scorpion (D:5)
  A bombardier beetle (D:4)
  An iguana (D:4)
  An orc wizard (D:3)
  7 adders
  3 ribbon worms
  2 dart slugs
  5 orcs
  3 ball pythons
  8 endoplasms
  2 giant cockroaches
  7 goblins
  5 hobgoblins
  5 jackals (D:1)
  4 kobolds
  4 quokkas
  5 bats
  2 frilled lizards
  8 rats
76 creatures vanquished.

Notes
Turn   | Place    | Note
-------+----------+-------------------------------------------
     0 | D:1      | Orlauf the Demonspawn Gladiator began the quest for the
                  | Orb.
     0 | D:1      | Reached XP level 1. HP: 16/16 MP: 1/1
    60 | D:1      | Reached skill level 3 in Axes
   184 | D:1      | Gained mutation: A meltable shield of frost defends you.
                  | (SH +0) [demonic ancestry]
   184 | D:1      | Reached XP level 2. HP: 22/22 MP: 2/2
   627 | D:1      | Gained mutation: A meltable icy envelope protects you from
                  | harm. (AC +0) [demonic ancestry]
   627 | D:1      | Reached XP level 3. HP: 26/28 MP: 3/3
  1015 | D:2      | Noticed Sigmund
  1019 | D:2      | Found a hazy altar of Hepliaklqana.
  1029 | D:2      | Killed Sigmund
  1030 | D:2      | Reached skill level 4 in Axes
  1030 | D:2      | Gained mutation: You are partially covered in icy blue
                  | scales. (AC +2) [demonic ancestry]
  1030 | D:2      | Reached XP level 4. HP: 31/36 MP: 4/4
  1030 | D:2      | Reached XP level 5. HP: 35/41 MP: 5/5
  1247 | D:2      | Found Lyecrogo's Book Shop.
  1340 | D:2      | Reached skill level 5 in Axes
  1384 | D:2      | Identified the +0 robe "Idagupp" {Fly Will+}
  1966 | D:3      | Gained mutation: You may rarely emit foul miasma when
                  | damaged in melee. [demonic ancestry]
  1966 | D:3      | Reached XP level 6. HP: 42/48 MP: 6/6
  2153 | D:3      | You are sucked into a shaft and drop 2 floors!
  2153 | D:5      | Entered Level 5 of the Dungeon
  2207 | D:5      | Found a broken altar of Ashenzari.
  2377 | D:4      | Reached skill level 6 in Axes
  2464 | D:4      | HP: 2/49 [burnt (6)]
  2467 | D:4      | Incinerated by a bombardier beetle

Illustrated notes

Levels and vault maps discovered:
D:1:      dpeg_arrival_refuge, layout_basic, hangedman_decor_growths
D:2:      layout_loops_ring, basic_altar, serial_shops, shop,
          minmay_misc_feat_enclosed, uniq_sigmund
D:3:      layout_loops_corners, marbit_many_paths
D:4:      layout_rooms, kennysheep_orc_sif_temple, gup_sewer_entry_spiral,
          guppyfry_shop_venom
D:5:      layout_layer_cave, ashenzari_conservatory_becter,
          mainiacjoe_overflow_alcove_4, led_xom_imps, general_overflow_altar

Skill      XL: |  1  2  3  4  5  6 |
---------------+-------------------+-----
Axes           | 3 4 5 6 |  6.1
Fighting       | 3 4 |  4.6
Throwing       | |  1.7
Dodging        | |  2.6

Action                     |  1- 3 |  4- 6 || total
---------------------------+-------+-------++-------
  Melee: War axe           |   106 |   149 ||   255
  Throw: Throwing net      |     1 |       ||     1
    Use: Scroll            |     2 |     6 ||     8
         Potion            |       |     1 ||     1
 Armour: Leather armour    |    96 |    22 ||   118
         Chain mail        |       |    89 ||    89
  Dodge: Dodged            |    63 |    45 ||   108
  Block: Other             |    11 |    31 ||    42

Table legend: (Time is in decaauts)
 A = Elapsed time spent in this place.
 B = Non-inter-level travel time spent in this place.
 C = Inter-level travel time spent in this place.
 D = Time resting spent in this place.
 E = Time spent auto-exploring this place.
 F = Levels seen in this place.
 G = Mean time per level.
                   A        B        C        D        E       F      G
               +--------+--------+--------+--------+--------+-----+--------+
         Total |   2536 |   2494 |     42 |    123 |   1614 |   5 |  507.2 |
       Dungeon |   2536 |   2494 |     42 |    123 |   1614 |   5 |  507.2 |
               +--------+--------+--------+--------+--------+-----+--------+

Top non-repeatable levels by time:
     D:1: 1020 daAuts
     D:2: 771 daAuts
     D:3: 418 daAuts
     D:5: 206 daAuts
     D:4: 119 daAuts
